 Dungeon Crawl Stone Soup version 0.20.1-1-g8b1a95d (webtiles) character file.

751 rabbitfr the Sneak (level 7, -2/43 HPs)
             Began as an Octopode Transmuter on Dec 14, 2017.
             Was a Follower of Cheibriados.
             Shot with an arrow by a centaur (13 damage)
             ... on level 5 of the Dungeon.
             The game lasted 00:31:54 (7725 turns).

rabbitfr the Sneak (Octopode Transmuter)            Turns: 7725, Time: 00:31:55

Health: -2/43      AC:  1    Str: 12    XL:     7   Next: 78%
Magic:  10/10      EV: 14    Int: 17    God:    Cheibriados [*.....]
Gold:   237        SH:  0    Dex: 16    Spells: 4/10 levels left

rFire    . . .     SeeInvis .   a - +0 short sword
rCold    . . .     Gourm    .   (no shield)
rNeg     . . .     Faith    .   (helmet restricted)
rPois    .         Spirit   .   (no amulet)
rElec    .         Reflect  .   (no ring)
rCorr    .         Harm     .   (no ring)
MR       .....                  (no ring)
Stlth    +++++.....             (no ring)
Regen    0.2/turn               (no ring)
MPRegen  0.2/turn               (no ring)
                                (no ring)
                                (no ring)

@: very slow
A: almost no armour, stealthy swim, amphibious, 8 rings, constrict 8, camouflage
1, gelatinous body 1
a: Bend Time, Renounce Religion


You were on level 5 of the Dungeon.
You worshipped Cheibriados.
Cheibriados was aware of your devotion.
You were hungry.

You visited 2 branches of the dungeon, and saw 6 of its levels.

You collected 237 gold pieces.

Inventory:

Hand Weapons
 a - a +0 short sword (weapon)
Missiles
 e - 49 arrows
 k - 155 stones (quivered)
 r - a throwing net
Wands
 x - a wand of paralysis (13/24)
Scrolls
 d - 2 scrolls of identify {unknown}
 f - a scroll of noise {unknown}
 l - 2 scrolls of remove curse {unknown}
 m - a scroll of fear {unknown}
 n - 2 scrolls of immolation {unknown}
 p - a scroll of random uselessness {unknown}
 w - a scroll of amnesia {unknown}
 y - a scroll of enchant weapon {unknown}
 z - a scroll of magic mapping {unknown}
 B - a scroll of fog {unknown}
Potions
 g - 2 potions of lignification {unknown}
 i - 3 potions of curing {unknown}
 j - a potion of flight {unknown}
 o - a potion of brilliance {unknown}
 u - a potion of ambrosia {unknown}
 v - a potion of heal wounds {unknown}
 A - a potion of mutation {unknown}
 C - a potion of cancellation {unknown}
Books
 b - a book of Changes

   Spells                             Type                      Level
   a - Beastly Appendage              Transmutation                1
   b - Sticks to Snakes               Transmutation                2
   c - Spider Form                    Transmutation/Poison         3
   d - Ice Form                       Ice/Transmutation            4
   e - Blade Hands                    Transmutation                5
 h - a book of Maledictions

   Spells                             Type                      Level
   a - Corona                         Hexes                        1
   b - Ensorcelled Hibernation        Hexes/Ice                    2
   c - Confuse                        Hexes                        3
   d - Tukima's Dance                 Hexes                        3
   e - Dazzling Spray                 Conjuration/Hexes            3
 D - a book of Conjurations

   Spells                             Type                      Level
   a - Magic Dart                     Conjuration                  1
   b - Searing Ray                    Conjuration                  2
   c - Dazzling Spray                 Conjuration/Hexes            3
   d - Fulminant Prism                Conjuration/Hexes            4
   e - Force Lance                    Conjuration/Translocation    4
   f - Iskenderun's Mystic Blast      Conjuration                  4
Comestibles
 c - 4 bread rations
 q - 4 fruits
 s - a meat ration
 t - a royal jelly


   Skills:
 - Level 1.0 Fighting
 - Level 2.0 Dodging
 + Level 6.8 Stealth
 + Level 6.4 Unarmed Combat
 - Level 2.0 Spellcasting
 + Level 4.0 Transmutations


You had 4 spell levels left.
You knew the following spells:

 Your Spells              Type           Power        Failure   Level  Hunger
a - Beastly Appendage     Tmut           ###...       3%          1    #......
b - Blade Hands           Tmut           ###.......   69%         5    ######.


Dungeon Overview and Level Annotations

Branches:
Dungeon (5/15)             Temple (1/1) D:4

Altars:
Ashenzari
Cheibriados
Dithmenos
Elyvilon
Fedhas
Gozag
Hepliaklqana
Kikubaaqudgha
Nemelex Xobeh
Qazlal
Ru
Sif Muna
Trog
Uskayaw
Vehumet
Xom
Yredelemnul
Zin
The Shining One

Annotations:
D:4 2 transporters


Innate Abilities, Weirdness & Mutations

You cannot wear most types of armour.
You are very stealthy in the water. (Stealth+)
You are amphibious.
You can wear up to eight rings at the same time.
You can use your tentacles to constrict eight enemies at once.
Your skin changes colour to match your surroundings (Stealth+).
Your rubbery body absorbs attacks. (AC +1, EV +1)


Message History

You constrict the adder.
You kill the adder!
Cheibriados appreciates the change of pace.
Casting: Beastly Appendage
Confirm with . or Enter, or press ? or * to list all spells.
Okay, then.
The centaur is too close now for your liking.
Things that are here:
a trident; a ring mail; an orc corpse The centaur shouts!
The centaur wields a shortbow.
The centaur shoots an arrow.
The arrow hits you!
You see here an arrow.
The centaur shoots an arrow.
The arrow hits you.
The centaur shoots an arrow.
The arrow hits you!
* * * LOW HITPOINT WARNING * * *
Items here: ( ) [ † 2 arrows; a trident; a ring mail; an orc corpse The centaur shoots an arrow.
The arrow completely misses you.
The centaur shoots an arrow.
The arrow hits you!
You die...

...(..###... #..............#
..........####.###.......####
...............##............
.....>..#.#####...#...O......
........#.......###..#######.
.......c(.#####.....## #.
.......(#..## #.#.## #.
........##..###.#.##########.
.c......#...@................
........##....(.##.........#.
........##......##).(......##
.......###......##...).....##
......# #......##.......).#.
###### #......##.......)...
#......##.........##
#......##.........#
#########.........#


You could see a centaur.

Vanquished Creatures
  An ogre (D:4)
  Blork the orc (D:4)
  A scorpion (D:4)
  2 hounds (D:4)
  A jelly (D:5)
  An orc priest (D:5)
  An iguana (D:4)
  2 orc wizards (D:5)
  4 worker ants (D:4)
  8 adders
  3 oozes
  An adder zombie (D:5)
  3 worms
  6 dart slugs
  8 leopard geckos
  16 orcs
  10 giant cockroaches
  6 goblins
  12 hobgoblins
  6 jackals
  2 ball pythons
  8 bats
  7 frilled lizards
  A jackal skeleton (D:4)
  9 kobolds
  A leopard gecko skeleton (D:5)
  A leopard gecko zombie (D:5)
  10 rats
132 creatures vanquished.

Vanquished Creatures (others)
  6 plants (D:4)
6 creatures vanquished.

Grand Total: 138 creatures vanquished

Notes
Turn   | Place    | Note
-------+----------+-------------------------------------------
     0 | D:1      | rabbitfr the Octopode Transmuter began the quest for the Orb.
     0 | D:1      | Reached XP level 1. HP: 13/13 MP: 3/3
   305 | D:1      | Reached XP level 2. HP: 16/18 MP: 5/5
   427 | D:1      | Reached skill level 1 in Stealth
   599 | D:1      | Reached XP level 3. HP: 23/23 MP: 6/6
  1587 | D:2      | Reached XP level 4. HP: 17/28 MP: 7/7
  3250 | D:3      | Found a bloodstained altar of Trog.
  3290 | D:3      | Reached XP level 5. HP: 20/33 MP: 8/8
  4407 | D:3      | Learned a level 5 spell: Blade Hands
  4520 | D:4      | Reached skill level 5 in Unarmed Combat
  4806 | D:4      | Reached XP level 6. HP: 34/38 MP: 9/9
  5053 | D:4      | Found a glowing golden altar of the Shining One.
  5095 | D:4      | Reached skill level 5 in Stealth
  5191 | D:4      | Found a staircase to the Ecumenical Temple.
  5426 | Temple   | Entered the Ecumenical Temple
  5529 | Temple   | Became a worshipper of Cheibriados the Contemplative
  5648 | D:4      | Found a transporter.
  5656 | D:4      | Reached XP level 7. HP: 43/43 MP: 10/10
  5735 | D:4      | Found a transporter.
  5758 | D:4      | Noticed Blork the orc
  5765 | D:4      | Killed Blork the orc
  6149 | D:4      | Found a shimmering altar of Xom.
  6381 | D:4      | Found a bloodstained altar of Trog.
  6382 | D:4      | Found an opulent altar of Gozag.
  6382 | D:4      | Found a shadowy altar of Dithmenos.
  6383 | D:4      | Found a blossoming altar of Fedhas.
  6527 | D:5      | Entered Level 5 of the Dungeon
  7376 | D:5      | Reached * piety under Cheibriados
  7697 | D:5      | Found a stormy altar of Qazlal.
  7725 | D:5      | Shot with an arrow by a centaur

Skill      XL: |  1  2  3  4  5  6  7 |
---------------+----------------------+-----
Stealth        | 1 2 3 4 5 6 |  6.8
Unarmed Combat | 4 5 6 |  6.4
Transmutations | 3 4 |  4.0
Fighting       | |  1.0
Dodging        | |  2.0
Spellcasting   | |  2.0

Action                   |  1- 3 |  4- 6 |  7- 9 || total
-------------------------+-------+-------+-------++-------
Melee: Unarmed           |    17 |       |       ||    17
       Constrict         |    21 |    39 |    24 ||    84
       Tentacles         |    10 |    30 |    28 ||    68
       Short sword       |    74 |   171 |    73 ||   318
       Punch             |     3 |     2 |     6 ||    11
Throw: Stone             |       |     3 |     1 ||     4
 Stab: Sleeping          |     6 |    13 |     4 ||    23
  Eat: Chunk             |     1 |     8 |     7 ||    16
       Meat ration       |       |     1 |       ||     1
Armor: Skin              |    12 |     6 |     1 ||    19
Dodge: Dodged            |    52 |   113 |    54 ||   219
